 Dungeon Crawl Stone Soup version 0.29-a0-563-g64e4043184 (webtiles) character file.

Game seed: 15468554350018566116

66 YayAnonymity the Chopper (level 3, -3/30 HPs)
             Began as a Demonspawn Berserker on June 11, 2022.
             Was a Believer of Trog.
             Slain by Grinder (4 damage)
             ... on level 3 of the Dungeon.
             The game lasted 00:02:50 (2419 turns).

YayAnonymity the Chopper (Demonspawn Berserker)     Turns: 2419, Time: 00:02:51

Health: -3/30      AC: 14    Str: 19    XL:     3   Next: 96%
Magic:  3/3        EV:  7    Int:  8    God:    Trog [**....]
Gold:   169        SH:  0    Dex: 12    Spells: 2/2 levels left

rFire   . . .      SeeInvis .   a - +0 hand axe
rCold   . . .      Faith    .   (no shield)
rNeg    . . .      Spirit   .   s - +0 chain mail
rPois   .          Reflect  .   n - +0 helmet
rElec   .          Harm     .   e - +2 cloak
rCorr   .          Rampage  .   (no gloves)
Will    .....                   (no boots)
Stlth   ..........              (no amulet)
HPRegen 0.10/turn               (no ring)
MPRegen 0.08/turn               (no ring)

@: on berserk cooldown, slowed, very slow
A: claws 1, icy blue scales 1
a: Renounce Religion, Berserk, Trog's Hand


You were on level 3 of the Dungeon.
You worshipped Trog.
Trog was pleased with you.
You visited 1 branch of the dungeon, and saw 3 of its levels.

You collected 169 gold pieces.

Inventory:

Hand Weapons
 a - a +0 hand axe (weapon)
 h - a +0 mace
Armour
 e - a +2 cloak (worn)
 n - a +0 helmet (worn)
 s - a +0 chain mail (worn)
Wands
 o - a wand of digging (4)
Scrolls
 b - 4 scrolls of identify {unknown}
 d - a scroll of amnesia {unknown}
 f - a scroll of blinking {unknown}
 k - a scroll of torment {unknown}
 m - a scroll of vulnerability {unknown}
 p - a scroll of poison {unknown}
 q - 4 scrolls of teleportation {unknown}
Potions
 c - a potion of haste {unknown}
 g - a potion of flight {unknown}
 i - 2 potions of attraction {unknown}
 j - a potion of brilliance {unknown}
 l - a potion of degeneration {unknown}
 r - a potion of heal wounds {unknown}


   Skills:
 + Level 3.7 Fighting
 * Level 4.0 Axes
 + Level 1.7 Armour
 + Level 1.7 Dodging


You had 2 spell levels left.
You didn't know any spells.
Your spell library was empty.

Dungeon Overview and Level Annotations

Branches:
Dungeon (3/15)

Altars:

Annotations:
D:3 Grinder


Innate Abilities, Weirdness & Mutations

You have sharp fingernails.
You are partially covered in icy blue scales. (AC +2)


Message History

You barely miss Grinder. Grinder hits you.
You writhe in agony.
You barely miss Grinder.
Grinder blinks!
You feel a strong urge to attack something.
You are no longer berserk.
You are exhausted.
You feel yourself slow down. Grinder hits you.
You writhe in agony.
You hit Grinder.
Grinder is lightly wounded.
Grinder hits you but does no damage.
You hit Grinder.
Grinder is lightly wounded.
Grinder blinks!
Grinder blinks!
Grinder gestures at you. You resist with significant effort.
Grinder blinks!
You closely miss Grinder.
Grinder is lightly wounded.
Grinder hits you.
You writhe in agony.
Grinder hits you but does no damage. Grinder completely misses you.
Grinder attacks as you move away! Grinder hits you but does no damage.
Grinder blinks!
Grinder gestures at you. Pain shoots through your body!
* * * LOW HITPOINT WARNING * * *
You hit Grinder.
Grinder is moderately wounded.
Grinder barely misses you. x2
You barely miss Grinder.
Grinder is moderately wounded.
Grinder closely misses you. Grinder hits you.
* * * LOW HITPOINT WARNING * * *
You writhe in agony.
* * * LOW HITPOINT WARNING * * *
You hit Grinder.
Grinder is moderately wounded.
Grinder hits you.
* * * LOW HITPOINT WARNING * * *
You writhe in agony.
You die...

.# #.##.###.# ... .# #.##..##.#
#.# ## #.###.##.# #.# #.###.##.#
#.## #........# ##..## #
#####.#### ##....# ## ##.###.#
##....#.......
.####...#..########.....##......
.'.............5@........+......
.####...#.#########....### .....
## ##.##.# ##.#.# ..... # ####.#
....# .... #.# ###### #... #.#
#### #.# ...######.# ..........#


You could see Grinder.

Vanquished Creatures
  Robin (D:2)
  A worm (D:2)
  2 dart slugs
  4 ball pythons
  3 endoplasms
  3 giant cockroaches
  8 goblins (D:2)
  6 hobgoblins (D:2)
  2 quokkas
  7 bats
  A frilled lizard (D:1)
  3 kobolds
  5 rats
46 creatures vanquished.

Notes
Turn   | Place    | Note
-------+----------+-------------------------------------------
     0 | D:1      | YayAnonymity the Demonspawn Berserker began the quest for
                  | the Orb.
     0 | D:1      | Reached XP level 1. HP: 18/18 MP: 1/1
   386 | D:1      | Reached skill level 3 in Axes
   484 | D:1      | Gained mutation: You are partially covered in icy blue
                  | scales. (AC +2) [demonic ancestry]
   484 | D:1      | Reached XP level 2. HP: 16/24 MP: 2/2
  1062 | D:2      | Noticed Robin
  1078 | D:2      | Killed Robin
  1079 | D:2      | Gained mutation: You have sharp fingernails. [demonic
                  | ancestry]
  1079 | D:2      | Reached XP level 3. HP: 27/29 MP: 3/3
  1553 | D:2      | Reached ** piety under Trog
  2135 | D:3      | Identified the +6 hand axe of Ohojuih {holy, Will+ Stlth+}
  2224 | D:3      | Reached skill level 4 in Axes
  2399 | D:3      | Noticed Grinder
  2419 | D:3      | HP: 1/30 [Grinder (4)]
  2419 | D:3      | Slain by Grinder

Illustrated notes

Levels and vault maps discovered:
D:1:      onia_arrival_mini_spirals, layout_basic
D:2:      layout_basic, uniq_robin
D:3:      layout_loops_corners, minmay_ogre_servants, uniq_grinder,
          uniq_jessica, uniq_sigmund

Skill      XL: |  1  2  3 |
---------------+----------+-----
Axes           | 3 4 |  4.0
Fighting       | |  3.7
Armour         | |  1.7
Dodging        | |  1.7

Action                   || total
-------------------------++-------
Melee: Hand axe          ||   134
Invok: Berserk           ||     2
Armor: Ring mail         ||    41
       Scale mail        ||    39
       Chain mail        ||     3
Dodge: Dodged            ||    84

Table legend: (Time is in decaauts)
 A = Elapsed time spent in this place.
 B = Non-inter-level travel time spent in this place.
 C = Inter-level travel time spent in this place.
 D = Time resting spent in this place.
 E = Time spent auto-exploring this place.
 F = Levels seen in this place.
 G = Mean time per level.
                   A        B        C        D        E       F      G
               +--------+--------+--------+--------+--------+-----+--------+
         Total |   2445 |   2368 |     77 |      0 |   1942 |   3 |  815.0 |
       Dungeon |   2445 |   2368 |     77 |      0 |   1942 |   3 |  815.0 |
               +--------+--------+--------+--------+--------+-----+--------+

Top non-repeatable levels by time:
     D:2: 1254 daAuts
     D:1: 816 daAuts
     D:3: 374 daAuts
